 Dungeon Crawl Stone Soup version 0.29.0-4-gdea44cf6ec (webtiles) character file.

Game seed: 9202264332446226059

557 qw the Cleaver (level 7, -6/56 HPs)
             Began as a Barachi Chaos Knight on Sept 4, 2022.
             Mangled by a gnoll
             ... wielding a +0 club
             ... led by a gnoll bouda
              (7 damage)
             ... on level 7 of the Dungeon.
             The game lasted 00:01:46 (3484 turns).

qw the Cleaver (Barachi Chaos Knight)               Turns: 3484, Time: 00:01:46

Health: -6/56      AC:  4    Str: 18 (19) XL:     7   Next: 30%
Magic:  7/7        EV: 10    Int: 10      God:
Gold:   589        SH:  0    Dex: 11 (12) Spells: 6/6 levels left

rFire   . . .      SeeInvis .   d - +6 hand axe "Wempat" {freeze, rElec Str+4}
rCold   . . .      Faith    .   (no shield)
rNeg    . . .      Spirit   .   h - +0 scale mail
rPois   .          Reflect  .   (no helmet)
rElec   +          Harm     .   m - +0 cloak
rCorr   .          Rampage  .   i - +0 pair of gloves
Will    .....                   (no boots)
Stlth   ..........              (no amulet)
HPRegen 0.18/turn               (no ring)
MPRegen 0.10/turn               (no ring)

@: weakened, corroded, slow
A: amphibious, slowness 1, strong legs 1, +LOS, deterioration 1, dopey 1, high
MP 1, MP-powered wands
a: Hop


You were on level 7 of the Dungeon.
You visited 1 branch of the dungeon, and saw 5 of its levels.

You collected 589 gold pieces.


Innate Abilities, Weirdness & Mutations

You are amphibious.
You cover ground slowly.
You can hop short distances.
You have an extended range of vision and can be seen from far away.
Your body sometimes deteriorates upon taking damage.
You are dopey. (Int -2)
You have an increased reservoir of magic. (+10% MP)
You expend magic power (3 MP) to strengthen your wands.


   Skills:
 - Level 5.1 Fighting
 + Level 8.0 Axes
 - Level 2.4 Armour
 - Level 2.0 Dodging


You had 6 spell levels left.
You didn't know any spells.
Your spell library was empty.

Inventory:

Hand Weapons
 d - the +6 hand axe "Wempat" (weapon) {freeze, rElec Str+4}
   (You found it on level 2 of the Dungeon)

   It freezes those it strikes, dealing additional cold damage.
   It can also slow down cold-blooded creatures.
   Str:       It affects your strength (+4).
   rElec:     It insulates you from electricity.
 n - a +0 flail
Armour
 h - a +0 scale mail (worn)
 i - a +0 pair of gloves (worn)
 k - a +0 helmet
 m - a +0 cloak (worn)
Scrolls
 a - a scroll of identify
 j - 2 scrolls of noise {unknown}
 l - a scroll of blinking {unknown}
 Y - 2 scrolls of enchant weapon
Potions
 f - 2 potions of curing
 g - a potion of might
Miscellaneous
 c - a piece from Xom's chessboard (15/15)

Dungeon Overview and Level Annotations

Branches:
Dungeon (7/15)
 Temple: D:4-7

Altars:
Vehumet


Message History

You hit the jelly. You freeze the jelly.
Your hands burn!
The gnoll barely misses you. The jelly hits you but does no damage.
You feel your intelligence returning.
You slash the jelly! You freeze the jelly. The acid corrodes you!
Your hands burn!
The jelly is almost dead.
The jelly closely misses you.
A gnoll bouda comes into view. It is wielding a +2 whip of freezing.
A gnoll comes into view. It is wielding a +0 halberd.
The gnoll hits you from afar with a +0 spear!
You hit the jelly. You freeze the jelly.
You kill the jelly!
The gnoll bouda barks out a call to the hunt!
The gnolls pick up the pace!
The gnoll hits you from afar with a +0 spear.
Your Fighting skill increases to level 5!
3480 ||| DRINKING potion of heal wounds.
You feel much better.
The gnoll bouda gazes fiercely through you!
You feel your attacks grow feeble. The gnoll completely misses you.
You hit the iguana. You freeze the iguana.
The iguana is moderately wounded.
The iguana bites you!
The gnoll hits you from afar with a +0 spear.
You hit the iguana but do no damage.
The iguana is moderately wounded.
The iguana closely misses you.
The gnoll hits you from afar with a +0 spear.
You hit the iguana but do no damage.
The iguana is moderately wounded.
You hit the gnoll. You freeze the gnoll.
The gnoll hits you from afar with a +0 halberd!
The gnoll barely misses you. The iguana bites you!
The gnoll hits you from afar with a +0 spear.
You hit the iguana.
The iguana seems to slow down.
You freeze the iguana.
The iguana is moderately wounded.
You hit the gnoll but do no damage. The gnoll barely misses you.
The gnoll hits you with a +0 club!
You die...

............. ..
.<........... g.
............ .
..#........... ..
#.#g..........
...##.#.........(.
.........g........
#....g..........
#...#@g.......
#..l#.###....
##....# ##...#
##.## .. ... ###.
).


You could see a gnoll bouda, an iguana (slow) and 3 gnolls.

Vanquished Creatures
  A centaur (D:7)
  A necrophage (D:4)
  A bullfrog (D:7)
  2 jellies
  Natasha (thrice) (D:2)
  2 orc wizards (D:3)
  Robin (D:4)
  7 adders
  2 worms
  6 orcs (D:3)
  5 endoplasms
  4 giant cockroaches
  14 goblins
  8 hobgoblins
  2 jackals (D:1)
  5 quokkas
  6 ball pythons
  4 bats
  4 frilled lizards
  5 kobolds
  9 rats
92 creatures vanquished.

Notes
Turn   | Place    | Note
-------+----------+-------------------------------------------
     0 | D:1      | qw the Barachi Chaos Knight began the quest for the Orb.
     0 | D:1      | Reached XP level 1. HP: 18/18 MP: 1/1
     0 | D:1      | 0 ||| qw: Version: 0.1-a-103-gd6f5d3a
     0 | D:1      | 0 ||| qw: Game counter: 5570
     0 | D:1      | 0 ||| qw: Always use a shield: true
     0 | D:1      | 0 ||| qw: God list: Okawaru
     0 | D:1      | 0 ||| qw: Allow faded altars: false
     0 | D:1      | 0 ||| qw: Do Orc after D:15 true
     0 | D:1      | 0 ||| qw: Do second Lair branch before Depths: true
     0 | D:1      | 0 ||| qw: Lair rune preference: random
     0 | D:1      | 0 ||| qw: Plans: Normal
     0 | D:1      | 0 ||| PLANNING D:1-11
     0 | D:1      | Fell from the grace of Xom
   187 | D:1      | Reached XP level 2. HP: 21/24 MP: 2/2
   251 | D:1      | 251 ||| Stepping ~*~*~tactically~*~*~ (stealth).
   252 | D:1      | 252 ||| Stepping ~*~*~tactically~*~*~ (stealth).
   253 | D:1      | 253 ||| Stepping ~*~*~tactically~*~*~ (stealth).
   256 | D:1      | Reached skill level 4 in Axes
   263 | D:1      | 263 ||| Stepping ~*~*~tactically~*~*~ (stealth).
   302 | D:1      | 302 ||| Stepping ~*~*~tactically~*~*~ (stealth).
   310 | D:1      | 310 ||| Stepping ~*~*~tactically~*~*~ (stealth).
   430 | D:1      | 430 ||| Stepping ~*~*~tactically~*~*~ (stealth).
   431 | D:1      | 431 ||| Stepping ~*~*~tactically~*~*~ (stealth).
   490 | D:1      | Found a faded altar of an unknown god.
   712 | D:1      | Reached XP level 3. HP: 29/29 MP: 3/3
   718 | D:1      | 718 ||| UPGRADING to +0 ring mail.
   723 | D:1      | XOM: give mutations
   723 | D:1      | Gained mutation: Your flesh is cold resistant. (rC+) [Xom's
                  | mischief]
   723 | D:1      | Gained mutation: Your body sometimes deteriorates upon
                  | taking damage. [Xom's mischief]
   723 | D:1      | Gained mutation: You are frail. (-10% HP) [Xom's mischief]
   728 | D:1      | 728 ||| DROPPING +2 leather armour.
   729 | D:1      | 729 ||| UPGRADING to +0 scale mail.
   739 | D:1      | 739 ||| DROPPING +0 ring mail.
   740 | D:1      | 740 ||| READING 2 scrolls labelled EHIHOH KUTAC.
   766 | D:2      | Noticed Natasha
   767 | D:2      | 767 ||| Stepping ~*~*~tactically~*~*~ (hiding).
   781 | D:2      | Killed Natasha
   782 | D:2      | Reached skill level 5 in Axes
   940 | D:2      | 940 ||| DROPPING +0 club.
   961 | D:2      | Identified the +6 hand axe "Wempat" {freeze, rElec Str+4}
   963 | D:2      | 963 ||| SWAPPING to +6 hand axe "Wempat" {freeze, rElec
                  | Str+4}.
   964 | D:2      | 964 ||| DROPPING +0 hand axe of chaos.
  1041 | D:2      | 1041 ||| Stepping ~*~*~tactically~*~*~ (stealth).
  1099 | D:2      | 1099 ||| Stepping ~*~*~tactically~*~*~ (stealth).
  1101 | D:2      | 1101 ||| Stepping ~*~*~tactically~*~*~ (stealth).
  1103 | D:2      | 1103 ||| Stepping ~*~*~tactically~*~*~ (stealth).
  1106 | D:2      | 1106 ||| Stepping ~*~*~tactically~*~*~ (stealth).
  1112 | D:2      | 1112 ||| Stepping ~*~*~tactically~*~*~ (stealth).
  1113 | D:2      | 1113 ||| Stepping ~*~*~tactically~*~*~ (stealth).
  1118 | D:2      | Noticed Natasha
  1119 | D:2      | 1119 ||| Stepping ~*~*~tactically~*~*~ (stealth).
  1127 | D:2      | Killed Natasha
  1128 | D:2      | Reached XP level 4. HP: 22/32 MP: 4/4
  1131 | D:2      | 1131 ||| FLEEEEING.
  1134 | D:2      | 1134 ||| FLEEEEING.
  1135 | D:2      | 1135 ||| FLEEEEING.
  1136 | D:2      | 1136 ||| FLEEEEING.
  1137 | D:2      | 1137 ||| FLEEEEING.
  1138 | D:2      | 1138 ||| FLEEEEING.
  1139 | D:2      | 1139 ||| FLEEEEING.
  1140 | D:2      | 1140 ||| FLEEEEING.
  1141 | D:2      | 1141 ||| FLEEEEING.
  1142 | D:2      | 1142 ||| FLEEEEING.
  1143 | D:2      | 1143 ||| FLEEEEING.
  1146 | D:2      | 1146 ||| STAIRDANCE
  1175 | D:1      | XOM: give mutations
  1175 | D:1      | Gained mutation: You expend magic power (3 MP) to
                  | strengthen your wands. [Xom's grace]
  1175 | D:1      | Gained mutation: You are agile. (Dex +4, Str/Int -1) [Xom's
                  | grace]
  1218 | D:1      | 1218 ||| READING scroll labelled WAD VOYLASI.
  1312 | D:2      | 1312 ||| Stepping ~*~*~tactically~*~*~ (stealth).
  1313 | D:2      | 1313 ||| Stepping ~*~*~tactically~*~*~ (stealth).
  1379 | D:2      | Reached skill level 6 in Axes
  1453 | D:2      | Noticed Natasha
  1454 | D:2      | 1454 ||| Stepping ~*~*~tactically~*~*~ (hiding).
  1460 | D:2      | Killed Natasha
  1461 | D:2      | Reached XP level 5. HP: 31/36 MP: 5/5
  1789 | D:2      | 1789 ||| UPGRADING to +0 pair of gloves.
  1794 | D:2      | 1794 ||| READING scroll labelled IHEIXZ KIEZ.
  1886 | D:2      | 1886 ||| Stepping ~*~*~tactically~*~*~ (stealth).
  1887 | D:2      | 1887 ||| DRINKING 2 yellow potions.
  1888 | D:2      | 1888 ||| READING 3 scrolls of identify.
  1888 | D:2      | 1888 ||| IDENTIFYING gluggy blue potion
  1947 | D:3      | 1947 ||| Stepping ~*~*~tactically~*~*~ (stealth).
  1948 | D:3      | 1948 ||| Stepping ~*~*~tactically~*~*~ (stealth).
  1949 | D:3      | 1949 ||| Stepping ~*~*~tactically~*~*~ (stealth).
  1952 | D:3      | 1952 ||| Stepping ~*~*~tactically~*~*~ (stealth).
  1954 | D:3      | 1954 ||| Stepping ~*~*~tactically~*~*~ (stealth).
  1999 | D:3      | 1999 ||| Stepping ~*~*~tactically~*~*~ (stealth).
  2001 | D:3      | 2001 ||| Stepping ~*~*~tactically~*~*~ (stealth).
  2036 | D:3      | 2036 ||| Stepping ~*~*~tactically~*~*~ (stealth).
  2047 | D:3      | 2047 ||| Stepping ~*~*~tactically~*~*~ (stealth).
  2049 | D:3      | 2049 ||| Stepping ~*~*~tactically~*~*~ (hiding).
  2050 | D:3      | 2050 ||| Stepping ~*~*~tactically~*~*~ (hiding).
  2051 | D:3      | 2051 ||| Stepping ~*~*~tactically~*~*~ (hiding).
  2052 | D:3      | 2052 ||| Stepping ~*~*~tactically~*~*~ (hiding).
  2053 | D:3      | 2053 ||| Stepping ~*~*~tactically~*~*~ (hiding).
  2054 | D:3      | 2054 ||| Stepping ~*~*~tactically~*~*~ (hiding).
  2055 | D:3      | 2055 ||| Stepping ~*~*~tactically~*~*~ (hiding).
  2056 | D:3      | 2056 ||| Stepping ~*~*~tactically~*~*~ (hiding).
  2057 | D:3      | 2057 ||| Stepping ~*~*~tactically~*~*~ (hiding).
  2060 | D:3      | 2060 ||| Stepping ~*~*~tactically~*~*~ (stealth).
  2211 | D:3      | Found a radiant altar of Vehumet.
  2233 | D:3      | Reached XP level 6. HP: 43/43 MP: 6/6
  2506 | D:3      | XOM: god gift: 438 gold pieces
  2771 | D:3      | XOM: summons 2 hostile demons
  2772 | D:3      | Noticed a chaos spawn
  3077 | D:3      | 3077 ||| UPGRADING to +0 cloak.
  3082 | D:3      | 3082 ||| READING scroll labelled VOITAON HIESYO.
  3087 | D:3      | 3087 ||| DRINKING 2 inky potions.
  3088 | D:3      | 3088 ||| READING 3 scrolls of identify.
  3088 | D:3      | 3088 ||| IDENTIFYING fizzy ruby potion
  3089 | D:3      | 3089 ||| READING 2 scrolls of identify.
  3089 | D:3      | 3089 ||| IDENTIFYING dark potion
  3090 | D:3      | 3090 ||| DROPPING potion of invisibility.
  3091 | D:3      | 3091 ||| DROPPING potion of brilliance.
  3110 | D:4      | 3110 ||| STAIRDANCE
  3114 | D:3      | Reached skill level 7 in Axes
  3182 | D:4      | 3182 ||| Stepping ~*~*~tactically~*~*~ (hiding).
  3182 | D:4      | Noticed Robin
  3183 | D:4      | 3183 ||| Stepping ~*~*~tactically~*~*~ (hiding).
  3184 | D:4      | 3184 ||| Stepping ~*~*~tactically~*~*~ (hiding).
  3185 | D:4      | 3185 ||| Stepping ~*~*~tactically~*~*~ (hiding).
  3197 | D:4      | 3197 ||| Stepping ~*~*~tactically~*~*~ (stealth).
  3198 | D:4      | 3198 ||| Stepping ~*~*~tactically~*~*~ (stealth).
  3208 | D:4      | 3208 ||| Stepping ~*~*~tactically~*~*~ (stealth).
  3209 | D:4      | 3209 ||| Stepping ~*~*~tactically~*~*~ (stealth).
  3212 | D:4      | 3212 ||| Stepping ~*~*~tactically~*~*~ (stealth).
  3216 | D:4      | 3216 ||| Stepping ~*~*~tactically~*~*~ (stealth).
  3221 | D:4      | 3221 ||| Stepping ~*~*~tactically~*~*~ (stealth).
  3223 | D:4      | 3223 ||| Stepping ~*~*~tactically~*~*~ (stealth).
  3224 | D:4      | 3224 ||| Stepping ~*~*~tactically~*~*~ (stealth).
  3226 | D:4      | 3226 ||| Stepping ~*~*~tactically~*~*~ (stealth).
  3228 | D:4      | 3228 ||| Stepping ~*~*~tactically~*~*~ (hiding).
  3229 | D:4      | 3229 ||| Stepping ~*~*~tactically~*~*~ (hiding).
  3230 | D:4      | 3230 ||| Stepping ~*~*~tactically~*~*~ (hiding).
  3231 | D:4      | 3231 ||| Stepping ~*~*~tactically~*~*~ (hiding).
  3232 | D:4      | 3232 ||| Stepping ~*~*~tactically~*~*~ (hiding).
  3233 | D:4      | 3233 ||| Stepping ~*~*~tactically~*~*~ (hiding).
  3234 | D:4      | 3234 ||| Stepping ~*~*~tactically~*~*~ (hiding).
  3262 | D:4      | 3262 ||| FLEEEEING.
  3263 | D:4      | 3263 ||| FLEEEEING.
  3264 | D:4      | 3264 ||| FLEEEEING.
  3265 | D:4      | 3265 ||| Stepping ~*~*~tactically~*~*~ (hiding).
  3266 | D:4      | 3266 ||| Stepping ~*~*~tactically~*~*~ (hiding).
  3268 | D:4      | 3268 ||| Stepping ~*~*~tactically~*~*~ (hiding).
  3270 | D:4      | 3270 ||| FLEEEEING.
  3271 | D:4      | 3271 ||| STAIRDANCE
  3310 | D:3      | 3310 ||| DROPPING amulet of magic regeneration.
  3311 | D:3      | 3311 ||| READING 3 scrolls labelled SIPURRYCAG.
  3312 | D:3      | 3312 ||| DRINKING 2 fizzy black potions.
  3312 | D:3      | Lost mutation: You are agile. (Dex +4, Str/Int -1) [potion
                  | of mutation]
  3312 | D:3      | Lost mutation: You are frail. (-10% HP) [potion of
                  | mutation]
  3312 | D:3      | Gained mutation: You occasionally shout uncontrollably at
                  | your foes. [potion of mutation]
  3312 | D:3      | Gained mutation: Your body often deteriorates upon taking
                  | damage. [potion of mutation]
  3312 | D:3      | Gained mutation: You have an increased reservoir of magic.
                  | (+10% MP) [potion of mutation]
  3342 | D:3      | 3342 ||| DRINKING potion of mutation.
  3342 | D:3      | Lost mutation: Your flesh is cold resistant. (rC+) [potion
                  | of mutation]
  3342 | D:3      | Lost mutation: You occasionally shout uncontrollably at
                  | your foes. [potion of mutation]
  3342 | D:3      | Lost mutation: Your body often deteriorates upon taking
                  | damage. [potion of mutation]
  3342 | D:3      | Gained mutation: You are dopey. (Int -2) [potion of
                  | mutation]
  3345 | D:4      | 3345 ||| Stepping ~*~*~tactically~*~*~ (stealth).
  3350 | D:4      | Killed Robin
  3393 | D:4      | 3393 ||| DROPPING +0 whip.
  3461 | D:4      | You fall into a shaft and drop 3 floors!
  3463 | D:7      | 3463 ||| Stepping ~*~*~tactically~*~*~ (hiding).
  3475 | D:7      | Reached skill level 8 in Axes
  3475 | D:7      | Reached XP level 7. HP: 16/54 MP: 7/7
  3475 | D:7      | HP: 13/54 [gnoll/+0 spear[a gnoll bouda] (3)]
  3476 | D:7      | 3476 ||| DRINKING 2 potions of heal wounds.
  3480 | D:7      | 3480 ||| DRINKING potion of heal wounds.
  3483 | D:7      | HP: 13/56 [gnoll/+0 halberd[a gnoll bouda] (8)]
  3483 | D:7      | HP: 5/56 [iguana (8)]
  3483 | D:7      | HP: 1/56 [gnoll/+0 spear[a gnoll bouda] (4)]
  3484 | D:7      | Mangled by a gnoll

Levels and vault maps discovered:
D:1:      psy_arrival_basics, layout_rooms,
          ebering_ecumenical_altar_sacrificial, hex_tiny
D:2:      layout_loops_ring, item_on_display_a, uniq_natasha
D:3:      layout_basic, mainiacjoe_overflow_alcove_2, grunt_ministairs_6
D:4:      layout_cave_pools, minmay_snake_closets, uniq_robin
D:7:      layout_rooms, minmay_temple_entry_drinking_statues

Skill      XL: |  1  2  3  4  5  6  7 |
---------------+----------------------+-----
Axes           | 4 5 6 8 |  8.0
Dodging        | 2 |  2.0
Fighting       | 4 5 |  5.1
Armour         | |  2.4

Action                   |  1- 3 |  4- 6 |  7- 9 || total
-------------------------+-------+-------+-------++-------
Melee: Hand axe          |    79 |   150 |     8 ||   237
       Punch             |       |     2 |       ||     2
Invok: Renounce Religion |     1 |       |       ||     1
  Use: Scroll            |     1 |     7 |       ||     8
       Potion            |       |     4 |     2 ||     6
Armor: Leather armour    |    12 |       |       ||    12
       Scale mail        |     5 |    44 |     3 ||    52
Dodge: Dodged            |    33 |    63 |     9 ||   105

Table legend:
 A = Non-vault XP
 B = Vault XP
 C = Vault XP percentage of total XP
 D = Non-vault monster count
 E = Vault monster count
 F = Vault count percentage of total count
                 A         B        C        D         E       F
            +---------+---------+-------+---------+---------+-------
      Total |     725 |      72 |   9.0 |      78 |      14 |  15.2
            +---------+---------+-------+---------+---------+-------
        D:1 |      34 |       0 |   0.0 |      21 |       0 |   0.0
        D:2 |     126 |      35 |  21.7 |      21 |       1 |   4.5
        D:3 |     192 |       3 |   1.5 |      23 |       2 |   8.0
        D:4 |     135 |      34 |  20.1 |      10 |      11 |  52.4
        D:7 |     238 |       0 |   0.0 |       3 |       0 |   0.0
            +---------+---------+-------+---------+---------+-------
